 Dungeon Crawl Stone Soup version 0.23-a0-641-g0a7f1ce553 (webtiles) character file.

10 CheiIsBae the Slasher (level 2, -1/22 HPs)
             Began as a Demonspawn Gladiator on Dec 30, 2018.
             Slain by a frilled lizard (2 damage)
             ... on level 1 of the Dungeon.
             The game lasted 00:00:17 (181 turns).

CheiIsBae the Slasher (Demonspawn Gladiator)         Turns: 181, Time: 00:00:17

Health: -1/22      AC:  4    Str: 14    XL:     2   Next: 10%
Magic:  2/2        EV: 12    Int:  9    God:
Gold:   21         SH:  0    Dex: 14    Spells: 1/1 levels left

rFire    . . .     SeeInvis .   a - +0 long sword
rCold    . . .     Gourm    .   (no shield)
rNeg     . . .     Faith    .   b - +0 leather armour
rPois    .         Spirit   .   c - +0 helmet
rElec    .         Reflect  .   (no cloak)
rCorr    .         Harm     .   (no gloves)
MR       .....                  (no boots)
Stlth    +.........             (no amulet)
HPRegen  0.07/turn              (no ring)
MPRegen  0.08/turn              (no ring)

@: no status effects
A: talons 1
a: no special abilities


You were on level 1 of the Dungeon.
You were not hungry.

You visited 1 branch of the dungeon, and saw 1 of its levels.

You collected 21 gold pieces.

Inventory:

Hand Weapons
 a - a +0 long sword (weapon)
Missiles
 d - 2 throwing nets (quivered)
Armour
 b - a +0 leather armour (worn)
 c - a +0 helmet (worn)
Scrolls
 e - a scroll of teleportation {unknown}
Comestibles
 f - a ration


   Skills:
 - Level 2.0 Fighting
 * Level 3.3 Long Blades
 - Level 1.7 Throwing
 - Level 2.6 Dodging


You had one spell level left.
You didn't know any spells.
Your spell library was empty.

Dungeon Overview and Level Annotations

Branches:
Dungeon (1/15)

Altars:


Innate Abilities, Weirdness & Mutations

You have sharp toenails.


Message History

You see here a +0 dagger.
You closely miss the frilled lizard. The frilled lizard bites you.
* * * LOW HITPOINT WARNING * * *
The frilled lizard misses you.
You barely miss the frilled lizard. The frilled lizard misses you.
You riposte.
You barely miss the frilled lizard. Your kick misses the frilled lizard.
You hit the frilled lizard. Your kick misses the frilled lizard.
The frilled lizard is heavily wounded.
The frilled lizard bites you.
* * * LOW HITPOINT WARNING * * *
You barely miss the frilled lizard.
The frilled lizard is heavily wounded.
The frilled lizard barely misses you.
Throwing (i - inventory)
d - 3 throwing nets (quivered)
Press: ? - help, Shift-Dir - straight line, f - frilled lizard
Aim: a frilled lizard (heavily wounded)
You throw a throwing net.
The throwing net closely misses the frilled lizard.
The frilled lizard bites you.
You die...

.. .. #.#(... ##.####.#
#.#.#.# .......# #.#.#..
# #......###.# #.#.#.. ..
#....... #.# #.#.#..
.#.###.....####.###.#.#..
..).....).....#...#.#.#..
.#.....)(####...#.#.#....
.(.....l@.($?.....#.##...
.#######.###.............
#..........#.#..#.
#..#.........#..#
....#.........#..#
....#..###.#.....#
....#..# #.##.#....
.#..#..# #.##.#.### #..
..##.#.#


You could see a frilled lizard.

Vanquished Creatures
  A giant cockroach (D:1)
  A goblin (D:1)
  2 hobgoblins (D:1)
  5 kobolds (D:1)
  A rat (D:1)
10 creatures vanquished.

Notes
Turn   | Place    | Note
-------+----------+-------------------------------------------
     0 | D:1      | CheiIsBae the Demonspawn Gladiator began the quest for the
                  | Orb.
     0 | D:1      | Reached XP level 1. HP: 16/16 MP: 1/1
    75 | D:1      | Reached skill level 3 in Long Blades
   167 | D:1      | Gained mutation: You have sharp toenails. [demonic
                  | ancestry]
   167 | D:1      | Reached XP level 2. HP: 18/22 MP: 2/2
   179 | D:1      | HP: 1/22 [frilled lizard (2)]
   181 | D:1      | Slain by a frilled lizard

Vault maps used:
D:1:      sevenhm_arrival_forest_fort_large_2

Skill      XL: |  1 |
---------------+----+-----
Long Blades    | 3 |  3.3
Fighting       | |  2.0
Throwing       | |  1.7
Dodging        | |  2.6

Action                   || total
-------------------------++-------
Melee: Long sword        ||    20
       Kick              ||     1
Throw: Throwing net      ||     1
Armor: Leather armour    ||     3
Dodge: Dodged            ||    22
       Rpst.: Long sword ||     4

Table legend:
 A = Non-vault XP
 B = Vault XP
 C = Vault XP percentage of total XP
 D = Non-vault monster count
 E = Vault monster count
 F = Vault count percentage of total count
                 A         B        C        D         E       F
            +---------+---------+-------+---------+---------+-------
      Total |      15 |       0 |   0.0 |      10 |       0 |   0.0
            +---------+---------+-------+---------+---------+-------
        D:1 |      15 |       0 |   0.0 |      10 |       0 |   0.0
            +---------+---------+-------+---------+---------+-------
